 Dungeon Crawl Stone Soup version 0.31-a0-618-g7ca08c1ff9 (webtiles) character file.

Game seed: 13670924385898234179

7 thirtiethelement the Trooper (level 1, 0/18 HPs)
             Began as a Demonspawn Cinder Acolyte on Aug 22, 2023.
             Was a High Priest of Ignis.
             Slain by a kobold
             ... wielding a +1 antimagic dagger
              (2 damage)
             ... on level 1 of the Dungeon.
             The game lasted 00:00:31 (231 turns).

thirtiethelement the Trooper (DsCA)                  Turns: 231, Time: 00:00:32

Health: 0/18       AC:  2    Str: 14    XL:     1   Next: 83%
Magic:  0/2        EV: 11    Int: 15    God:    Ignis [*****.]
Gold:   18         SH:  0    Dex:  8    Spells: 2/2 levels left

rFire   + . .        a - -1 hand axe (flame)
rCold   . . .        (no shield)
rNeg    . . .        b - +0 robe
rPois   .            (no helmet)
rElec   .            (no cloak)
rCorr   .            (no gloves)
SInv    .            (no boots)
Will    .....        (no amulet)
Stlth   +            (no ring)
HPRegen 0.23/turn    (no ring)
MPRegen 0.08/turn

%: no passive effects
@: no status effects
A: no striking features
a: Renounce Religion, Fiery Armour, Foxfire Swarm, Rising Flame


You were on level 1 of the Dungeon.
You worshipped Ignis.
Ignis was extremely pleased with you.
You visited 1 branch of the dungeon, and saw 1 of its levels.

You collected 18 gold pieces.

Inventory:

Hand Weapons
 a - a -1 hand axe of flaming (weapon)
Armour
 b - a +0 robe (worn)
Jewellery
 c - a ring of protection from cold
Scrolls
 d - a scroll of enchant armour {unknown}
 f - a scroll of identify {unknown}
Potions
 e - 2 potions of curing {unknown}


   Skills:
 + Level 3.1 Fighting
 + Level 2.9 Axes
 + Level 1.0 Spellcasting
 + Level 2.9 Fire Magic


You had 2 spell levels left.
You didn't know any spells.
Your spell library contained the following spells:

 Spells                   Type           Power      Damage    Failure   Level
 Scorch                   Fire           18%        2d5       12%         2


Dungeon Overview and Level Annotations

Branches:
Dungeon (1/15)

Altars:


Message History

A goblin and a kobold come into view.
The kobold is wielding a +1 antimagic dagger.
Found 16 gold pieces.
The kobold shouts!
The endoplasm closely misses you.
You hit the endoplasm but do no damage. The endoplasm barely misses you.
You hit the endoplasm. You burn the endoplasm.
The endoplasm is heavily wounded.
You hit the goblin. You burn the goblin.
You kill the goblin!
The kobold throws a stone.
The stone hits you. The endoplasm freezes you.
You are frozen.
You hit the endoplasm but do no damage.
The endoplasm is heavily wounded.
The endoplasm freezes you.
You are frozen.
The endoplasm freezes you.
You are frozen.
The kobold hits you with a +1 antimagic dagger.
* * * LOW HITPOINT WARNING * * *
You feel your power leaking away.
You slash the endoplasm! You burn the endoplasm.
You kill the endoplasm!
You completely miss the kobold. The kobold closely misses you.
You hit the kobold. You burn the kobold.
The kobold is severely wounded.
The kobold hits you with a +1 antimagic dagger.
* * * LOW HITPOINT WARNING * * *
You hit the kobold but do no damage.
The kobold is severely wounded.
The kobold closely misses you.
You barely miss the kobold.
The kobold is severely wounded.
The kobold hits you with a +1 antimagic dagger.
* * * LOW HITPOINT WARNING * * *
You barely miss the kobold.
The kobold is severely wounded.
The kobold hits you with a +1 antimagic dagger.
You die...

# ###.### # ......# .
.##.#.# #.
.##.#.#######.#########
......................##
.##.#.####......K)$....#
.##.#.# ####@####..#
......# #..........###
###.### #.##.#?......#
#.#### .. ...#.###.#.#
#....# ###.####>###.#.#
####.# # #.##..#.## #.#
#.#......# #.#
#.#..##..# #.#
#......†.#


You could see a kobold.

Vanquished Creatures
  A ball python (D:1)
  An endoplasm (D:1)
  2 goblins (D:1)
  2 bats (D:1)
6 creatures vanquished.

Notes
Turn   | Place    | Note
-------+----------+-------------------------------------------
     0 | D:1      | thirtiethelement the Demonspawn Cinder Acolyte began the
                  | quest for the Orb.
     0 | D:1      | Reached XP level 1. HP: 18/18 MP: 2/2
   231 | D:1      | Slain by a kobold

Illustrated notes

Levels and vault maps discovered:
D:1:      psy_arrival_whirlpool, layout_loops_cross,
          ebering_ecumenical_altar_mist, serial_shops, nicolae_shop_trees

Action                     || total
---------------------------++-------
  Melee: Hand axe          ||    26
 Armour: Robe              ||     7
  Dodge: Dodged            ||    17

Table legend: (Time is in decaauts)
 A = Elapsed time spent in this place.
 B = Non-inter-level travel time spent in this place.
 C = Inter-level travel time spent in this place.
 D = Time resting spent in this place.
 E = Time spent auto-exploring this place.
 F = Levels seen in this place.
 G = Mean time per level.
                   A        B        C        D        E       F      G
               +--------+--------+--------+--------+--------+-----+--------+
         Total |    236 |    236 |      0 |      0 |    183 |   1 |  236.0 |
       Dungeon |    236 |    236 |      0 |      0 |    183 |   1 |  236.0 |
               +--------+--------+--------+--------+--------+-----+--------+

Top non-repeatable levels by time:
     D:1: 236 daAuts
